[Event "Kvibergspelen 2022"]
[Site "Kviberg Park Hotel & Conference, Krutvagen 2, Gothenburg, Sweden"]
[Date "2022.10.02"]
[Round "8.1"]
[White "Kucuksari, Kaan"]
[Black "Hillarp, Tiger"]
[Result "1-0"]
[TimeControl "15 minutes + 5 seconds per move from move one (Round 1 - 4) / 90 minutes + 30 seconds per move from move one (Round 5 - 8)"]
[WhiteTitle "FM"]
[BlackTitle "GM"]
[WhiteFideId "6380166"]
[BlackFideId "1700812"]
[WhiteElo "2482"]
[BlackElo "2511"]

1. d4 Nf6 2. c4 e6 3. g3 d5 4.
Nf3 Bb4+ 5. Bd2 Be7 6. Bg2 O-O 7. O-O c6 8. Qc2 Nbd7 9. Rd1 b6 10. Bf4 Bb7 11. Ne5 Nh5 12. Bd2 Nhf6 13.
Bf4 Nh5 14. Bd2 Nhf6 15. cxd5 cxd5 16. Nc6 Bxc6 17. Qxc6 Rc8 18. Qb5 Ne8 19. Qd3 Nd6 20. Nc3 Nf6 21. b3 Qd7 22. f3 Nf5 23.
e3 h5 24. Ne2 Rfd8 25. Rac1 a5 26. Rxc8 Rxc8 27. Be1 Bb4 28. Bf2 Nd6 29. a4 b5 30. e4 dxe4 31. fxe4 Ng4 32. e5 Nf5 33.
axb5 Qa7 34. Be4 Nxf2 35. Kxf2 Ne7 36. Qf3 g6 37. h4 Nf5 38. Bxf5 exf5 39. Qd5 Qb6 40. Nf4 Rc2+ 41. Kf1 Qc7 42. e6 Bd6 43. exf7+ Kh7 44. Qe6 Bxf4 45. f8=Q
Rf2+ 1-0

[Event "Kvibergspelen 2022"]
[Site "Kviberg Park Hotel & Conference, Krutvagen 2, Gothenburg, Sweden"]
[Date "2022.10.02"]
[Round "8.2"]
[White "Hector, Jonny"]
[Black "Stefansson, Vignir Vatnar"]
[Result "1-0"]
[TimeControl "15 minutes + 5 seconds per move from move one (Round 1 - 4) / 90 minutes + 30 seconds per move from move one (Round 5 - 8)"]
[WhiteTitle "GM"]
[BlackTitle "IM"]
[WhiteFideId "1700090"]
[BlackFideId "2308649"]
[WhiteElo "2454"]
[BlackElo "2452"]

1. e4 c5 2. Nf3 Nc6 3. Nc3 d6 4. d4 cxd4 5. Nxd4 Nf6 6. Bg5 g6 7. Be2 Bg7 8. Nb3 a6 9. O-O b5 10.
a3 O-O 11. Qd2 Ne5 12. Rad1 Bb7 13. Bxf6 Bxf6 14. Nd5 Bxd5 15. exd5 Rc8 16. c3 Qb6 17. Kh1 Nc4 18. Qc1 Qb7 19.
f4 a5 20. Bxc4 a4 21. Na5 Qb6 22. Bxb5 Qxa5 23. Bc6 Rb8 24. Rfe1 Qb6 25. Rd2 Qc5 26. Re4 e6 27. Rxa4 exd5 28.
Bxd5 Rfe8 29. Qg1 Re3 30. Rc4 Qa7 31. Re4 1-0

[Event "Kvibergspelen 2022"]
[Site "Kviberg Park Hotel & Conference, Krutvagen 2, Gothenburg, Sweden"]
[Date "2022.10.02"]
[Round "8.3"]
[White "Ulff, Johan"]
[Black "Golubka, Petro"]
[Result "0-1"]
[TimeControl "15 minutes + 5 seconds per move from move one (Round 1 - 4) / 90 minutes + 30 seconds per move from move one (Round 5 - 8)"]
[BlackTitle "GM"]
[WhiteFideId "1733893"]
[BlackFideId "14114224"]
[WhiteElo "2132"]
[BlackElo "2360"]

1. d4 d5 2. Bf4 Bg4 3. h3 Bh5 4.
c4 dxc4 5. Qa4+ c6 6. Qxc4 Nf6 7. e3 Qb6 8. Nd2 e6 9. Ne2 Nbd7 10. Nc3 Nd5 11. Nxd5 exd5 12. Qb3 Bb4 13. g4 Bg6 14.
Bd3 a5 15. Bxg6 hxg6 16. Qd3 c5 17. Kf1 O-O 18. Nf3 c4 19. Qc2 Nf6 20. Ne5 Qe6 21. f3 b5 22. h4 Bd6 23. h5 g5 24.
Bxg5 Bxe5 25. dxe5 Nd7 26. h6 g6 27. h7+ Kh8 28. Qc3 Nxe5 29. f4 f6 30. Bh6 b4 0-1

[Event "Kvibergspelen 2022"]
[Site "Kviberg Park Hotel & Conference, Krutvagen 2, Gothenburg, Sweden"]
[Date "2022.10.02"]
[Round "8.4"]
[White "Agdestein, Simen"]
[Black "Rasti, Arvin"]
[Result "1-0"]
[TimeControl "15 minutes + 5 seconds per move from move one (Round 1 - 4) / 90 minutes + 30 seconds per move from move one (Round 5 - 8)"]
[WhiteTitle "GM"]
[WhiteFideId "1500015"]
[BlackFideId "1741160"]
[WhiteElo "2576"]
[BlackElo "2186"]

1. e4 c6 2. d4 d5 3. Nc3 dxe4 4. Nxe4 Nf6 5. Nxf6+ exf6 6. c3 Bd6 7. Bd3 O-O 8. Qc2 Re8+ 9.
Ne2 h5 10. Be3 Nd7 11. O-O-O Nf8 12. c4 Be6 13. Kb1 Rc8 14. a3 Ng6 15. Ng3 h4 16. Nf5 b5 17. g3 bxc4 18. Bxc4 Bxc4 19.
Qxc4 Qd7 20. Nxd6 Qxd6 21. d5 cxd5 22. Qxd5 Qb8 23. gxh4 Nxh4 24. Qa5 Qb3 25. Qd5 Qb8 26. Rc1 Rxc1+ 27. Rxc1 Ng6 28. Qd7 a6 29. Qc6 Re6 30. Qc8+ Qxc8 31. Rxc8+ Kh7 32. b4 Ne5 33. h3 Kg6 34. Kc2 Kf5 35.
a4 Rc6+ 36. Rxc6 Nxc6 37. Kc3 Ke6 38. Kc4 Kd7 39. Kc5 Kc7 40. Bd2 Kb7 41. Kd6 Ne5 42. Ke7 Kc6 43. f4 Nc4 44. Be1 Nd6 45.
h4 Kd5 46. h5 Kc6 47. Kf8 Kd5 1-0

[Event "Kvibergspelen 2022"]
[Site "Kviberg Park Hotel & Conference, Krutvagen 2, Gothenburg, Sweden"]
[Date "2022.10.02"]
[Round "8.5"]
[White "Abdrlauf, Elham"]
[Black "Mitusov, Semen"]
[Result "1/2-1/2"]
[TimeControl "15 minutes + 5 seconds per move from move one (Round 1 - 4) / 90 minutes + 30 seconds per move from move one (Round 5 - 8)"]
[WhiteTitle "IM"]
[BlackTitle "FM"]
[WhiteFideId "1533533"]
[BlackFideId "14151049"]
[WhiteElo "2487"]
[BlackElo "2418"]

1. e4 e5 2. Nc3 Nc6 3. g3 Bc5 4. Bg2 a6 5. Nge2 d6 6. O-O Be6 7. Nd5 Qd7 8. c3 Ba7 9. d4 h5 10.
h4 Nh6 11. b4 Ne7 12. Ne3 Bh3 13. c4 Bxg2 14. Kxg2 Ng4 15. Nxg4 hxg4 16. dxe5 dxe5 17. Qxd7+ Kxd7 18. c5 Ke6 19.
Be3 Rad8 20. Rfd1 Nc6 21. a3 Rxd1 22. Rxd1 Rd8 23. Rxd8 Nxd8 24. f3 gxf3+ 25. Kxf3 f6 26. Nc3 Kf7 27. Ke2 Ne6 28. Kd3 c6 29.
Kc4 Bb8 30. a4 Bc7 31. g4 Bd8 32. Ne2 Be7 33. Ng3 Bf8 34. Nf5 Be7 35. b5 axb5+ 36. axb5 Bf8 37. Ng3 Nc7 38. b6 Ne6 39.
Nf1 Be7 40. Nd2 Kg6 41. Nb1 Kf7 42. Nc3 Ke8 43. Ne2 Kf7 44. Nc1 Ke8 45. Nb3 Kd7 46. Kd3 Kc8 47. Ke2 Kd7 48. Kf3 Ke8 49.
Kg3 Kf7 50. Kf2 Ke8 51. Ke2 Kf7 52. Kd3 Ke8 53. Kc4 Kd7 54. Nd2 Ke8 55. Nf1 Kf7 56. Ng3 Ke8 57. Nf5 Kf7 58. h5 Bf8 59.
Nh4 Be7 60. Ng6 Bf8 61. g5 Be7 62. Nxe7 Kxe7 63. g6 Nf8 64. Kd3 Ke6 65. Ke2 f5 66. h6 Nxg6 67. exf5+ Kxf5 68. hxg7 Ne7 69. Kd3 Ng8 70. Bc1 Nf6 71. Bb2 Ng8 72. Ke3 Nf6 73. Kf3 Kg6 74. Bxe5 Kxg7 75.
Bxf6+ Kxf6 76. Kf4 Ke6 77. Ke4 Kf6 78. Kf4 Ke6 79. Ke4 Kf6 80. Kf4 1/2-1/2

[Event "Kvibergspelen 2022"]
[Site "Kviberg Park Hotel & Conference, Krutvagen 2, Gothenburg, Sweden"]
[Date "2022.10.02"]
[Round "8.6"]
[White "Hamark, Jesper"]
[Black "Jakenberg, Jussi"]
[Result "1-0"]
[TimeControl "15 minutes + 5 seconds per move from move one (Round 1 - 4) / 90 minutes + 30 seconds per move from move one (Round 5 - 8)"]
[WhiteFideId "1704338"]
[BlackFideId "1710931"]
[WhiteElo "2348"]
[BlackElo "2114"]

1. c4 e6 2. Nc3 d5 3. d4 a6 4. cxd5 exd5 5. Bf4 Nf6 6. e3 Bd6 7. Bxd6 Qxd6 8. Bd3 O-O 9. Nge2 Be6 10.
Qd2 Nbd7 11. O-O Rfe8 12. Rad1 c6 13. Bb1 Rad8 14. f3 c5 15. Rfe1 Qb8 16. Nf4 cxd4 17. exd4 Qd6 18. g3 Nb6 19.
Kg2 Bd7 20. b3 Na8 21. Nd3 Rxe1 22. Rxe1 Nc7 23. Ne5 Ne6 24. Bf5 Nf8 25. Bd3 Ne6 26. Bf5 Nf8 27. Bb1 Ne6 28. Ne2 Qb6 29. Rd1 Bb5 30. Nf4 Re8 31. Nxe6 Qxe6 32. a4 Bd7 33.
g4 g6 34. Qh6 Bc8 35. Re1 Qb6 36. Qf4 Rf8 37. Rc1 Ne8 38. Rxc8 1-0

[Event "Kvibergspelen 2022"]
[Site "Kviberg Park Hotel & Conference, Krutvagen 2, Gothenburg, Sweden"]
[Date "2022.10.02"]
[Round "8.7"]
[White "Svensson, Hakan"]
[Black "Mohammadi, Amir"]
[Result "0-1"]
[TimeControl "15 minutes + 5 seconds per move from move one (Round 1 - 4) / 90 minutes + 30 seconds per move from move one (Round 5 - 8)"]
[WhiteFideId "1714201"]
[BlackFideId "1705890"]
[WhiteElo "2067"]
[BlackElo "2294"]

1. d4 f5 2. Bg5 d5 3. e3 c6 4. c4 Qb6 5. Nd2 e6 6. Ngf3 Nd7 7. Bd3 Ngf6 8. cxd5 cxd5 9. O-O Bd6 10.
Nb3 O-O 11. Rc1 Ne4 12. Bf4 a5 13. Bxd6 Qxd6 14. Qc2 a4 15. Nc5 Ndxc5 16. dxc5 Qe7 17. Ne5 Ra5 18. Bxe4 fxe4 19. Qc3 Qc7 20.
b4 axb3 21. axb3 Rf5 22. f4 exf3 23. Nxf3 Bd7 24. b4 Ra8 25. Nd4 Rh5 26. Nf3 e5 27. g3 Bb5 28. Rf2 Rf8 29. Rcc2 Rhf5 30.
e4 dxe4 31. Qb3+ Kh8 32. Ng5 Qd8 33. Rxf5 Qd1+ 34. Kg2 Bf1+ 35. Kg1 Bh3+ 36. Kf2 Rxf5+ 37. Ke3 Rf3+ 0-1

[Event "Kvibergspelen 2022"]
[Site "Kviberg Park Hotel & Conference, Krutvagen 2, Gothenburg, Sweden"]
[Date "2022.10.02"]
[Round "8.8"]
[White "Olsson, William"]
[Black "Briem, Stephan"]
[Result "0-1"]
[TimeControl "15 minutes + 5 seconds per move from move one (Round 1 - 4) / 90 minutes + 30 seconds per move from move one (Round 5 - 8)"]
[WhiteTitle "FM"]
[WhiteFideId "1741721"]
[BlackFideId "2312506"]
[WhiteElo "2288"]
[BlackElo "2083"]

1. c4 e5 2. g3 Nc6 3. Nc3 f5 4. Nf3 Nf6 5. d4 e4 6. Nh4 d6 7. Ng2 Be7 8. e3 O-O 9. Be2 Qe8 10.
O-O Nd8 11. f3 Ne6 12. f4 c5 13. Ne1 Nc7 14. Nc2 a6 15. b4 b5 16. a3 bxc4 17. bxc5 dxc5 18. d5 Qf7 19. Bxc4 Rd8 20.
Qe2 Nfxd5 21. a4 Be6 22. Nxd5 Nxd5 23. Bxd5 Bxd5 24. Na3 Bb3 25. a5 Rd3 0-1

[Event "Kvibergspelen 2022"]
[Site "Kviberg Park Hotel & Conference, Krutvagen 2, Gothenburg, Sweden"]
[Date "2022.10.02"]
[Round "8.9"]
[White "Lindholm, Gustav"]
[Black "Burwick, Malte"]
[Result "0-1"]
[TimeControl "15 minutes + 5 seconds per move from move one (Round 1 - 4) / 90 minutes + 30 seconds per move from move one (Round 5 - 8)"]
[WhiteFideId "1736515"]
[BlackFideId "1702475"]
[WhiteElo "2026"]
[BlackElo "2225"]

1. d4 g6 2. c4 Bg7 3. g3 d6 4. Bg2 Nf6 5. Nf3 O-O 6. Nc3 c6 7. O-O Bf5 8. Ne1 Qc8 9. e4 Bh3 10.
Be3 Bxg2 11. Kxg2 Re8 12. Rc1 Ng4 13. Nd3 c5 14. d5 Nxe3+ 15. fxe3 Nd7 16. Rf3 a6 17. a4 Qc7 18. g4 Nb6 19.
b3 Nd7 20. g5 Qa5 21. Ne2 b5 22. axb5 axb5 23. h4 bxc4 24. bxc4 Qa3 25. h5 Rab8 26. Nef4 Rb3 27. hxg6 hxg6 28.
Rh3 Ne5 29. Nxe5 Bxe5 30. Nxg6 fxg6 31. Qe1 Qb4 32. Qd1 Rb2+ 33. Kh1 Qd2 34. Qf1 Rf8 35. Qg1 Qd3 36. Rh4 Rff2 37. Qe1 Rh2+ 38.
Rxh2 Qxe4+ 39. Kg1 Bxh2+ 40. Kf1 Qh1# 0-1

[Event "Kvibergspelen 2022"]
[Site "Kviberg Park Hotel & Conference, Krutvagen 2, Gothenburg, Sweden"]
[Date "2022.10.02"]
[Round "8.10"]
[White "Lindahl, Jonas"]
[Black "Hauksson, Hordur Aron"]
[Result "1-0"]
[TimeControl "15 minutes + 5 seconds per move from move one (Round 1 - 4) / 90 minutes + 30 seconds per move from move one (Round 5 - 8)"]
[WhiteFideId "1710060"]
[BlackFideId "2303680"]
[WhiteElo "2165"]
[BlackElo "1882"]

1. e4 c5 2. Nf3 e6 3. c3 d5 4. e5 d4 5. Bb5+ Bd7 6. Bxd7+ Qxd7 7. O-O Nc6 8. c4 Nge7 9. d3 Ng6 10.
Re1 Be7 11. Qe2 h5 12. h4 Bxh4 13. Nxh4 Nxh4 14. Bf4 Nf5 15. Nd2 Qe7 16. Ne4 b6 17. Qf3 Rc8 18. Qh3 Kd7 19. Bg5 Qf8 20.
Qh2 Nxe5 21. Qxe5 Rc6 22. Bd2 f6 23. Qh2 g5 24. b4 cxb4 25. Reb1 h4 26. Bxb4 Qg7 27. c5 g4 28. Be1 h3 29.
g3 Ne7 30. Rc1 f5 31. Nd2 Rhc8 32. Nb3 Nd5 33. Rc4 e5 34. Qh1 h2+ 35. Qxh2 b5 36. Rcc1 Rh6 37. Qg2 Ke6 38. Bd2 Rh3 39.
Nxd4+ exd4 40. Re1+ Ne3 41. fxe3 Qd7 42. exd4+ Kf6 43.
Bc3 Qc7 44. Re5 Rch8 45. Rf1 R8h5 46. Bd2 1-0

[Event "Kvibergspelen 2022"]
[Site "Kviberg Park Hotel & Conference, Krutvagen 2, Gothenburg, Sweden"]
[Date "2022.10.02"]
[Round "8.11"]
[White "Bohman Karlholm, Adrian"]
[Black "Grahn, Vidar"]
[Result "1/2-1/2"]
[TimeControl "15 minutes + 5 seconds per move from move one (Round 1 - 4) / 90 minutes + 30 seconds per move from move one (Round 5 - 8)"]
[WhiteFideId "1720643"]
[BlackFideId "1744780"]
[WhiteElo "2117"]
[BlackElo "2054"]

1. d4 d5 2. c4 c6 3. Nf3 Nf6 4. Nc3 e6 5. e3 Nbd7 6. Bd3 dxc4 7. Bxc4 b5 8. Bd3 Bd6 9. e4 e5 10.
a4 b4 11. Ne2 O-O 12. O-O a5 13. Bg5 h6 14. Bh4 exd4 15. Nexd4 Bb7 16. Nf5 Bf4 17. Qc2 Qc7 18. Bg3 Bxg3 19.
hxg3 Ng4 20. Rac1 Nge5 21. Be2 Nxf3+ 22. gxf3 Ba6 23. Bxa6 Rxa6 24. Ne7+ Kh8 25. Nxc6 Rc8 26. Nxb4 Qxc2 27.
Rxc2 Rxc2 28. Nxc2 Rb6 29. Rd1 Nc5 30. Rd5 Nxa4 31. Rxa5 Nxb2 32. Rd5 Nc4 33. Rd4 Ne5 34. Kg2 g6 35.
Ne3 Rb7 36. Rd5 Nc6 37. f4 Kg7 38. e5 Ne7 39. Rd6 h5 40. Ra6 Rc7 41. Ra8 Rb7 42. Nc4 Nf5 43. Nd2 Rb2 44. Rd8 Rb4 45.
Nf3 h4 46. Rd3 1/2-1/2

[Event "Kvibergspelen 2022"]
[Site "Kviberg Park Hotel & Conference, Krutvagen 2, Gothenburg, Sweden"]
[Date "2022.10.02"]
[Round "8.13"]
[White "Johannesson, Oliver"]
[Black "Eriksson, Joel"]
[Result "1/2-1/2"]
[TimeControl "15 minutes + 5 seconds per move from move one (Round 1 - 4) / 90 minutes + 30 seconds per move from move one (Round 5 - 8)"]
[WhiteTitle "FM"]
[WhiteFideId "2305623"]
[BlackFideId "1729233"]
[WhiteElo "2205"]
[BlackElo "1929"]

1. d4 e6 2. c4 f5 3. g3 Nf6 4. Bg2 Be7 5. Nc3 O-O 6. Nf3 d6 7. O-O Ne4 8. Qc2 Nxc3 9. Qxc3 a5 10.
b3 Bf6 11. Bb2 Nc6 12. Rad1 Qe8 13. Rfe1 e5 14. e3 Qh5 15. dxe5 dxe5 16. Qd2 Be6 17. Qe2 Qh6 18. h4 Bf7 19.
Ng5 Bh5 20. Bf3 Bxf3 21. Qxf3 e4 22. Qe2 Bxg5 23. hxg5 Qxg5 24. Rd7 Rf7 25. Red1 Rd8 26. Rxd8+ Nxd8 27. Qd2 Nc6 28. Qd5 Nb4 29.
Qd8+ Qxd8 30. Rxd8+ Rf8 31. Rd7 Rf7 32. Rd8+ 1/2-1/2

[Event "Kvibergspelen 2022"]
[Site "Kviberg Park Hotel & Conference, Krutvagen 2, Gothenburg, Sweden"]
[Date "2022.10.02"]
[Round "8.14"]
[White "Hauksdottir, Hrund"]
[Black "Nygren, David"]
[Result "0-1"]
[TimeControl "15 minutes + 5 seconds per move from move one (Round 1 - 4) / 90 minutes + 30 seconds per move from move one (Round 5 - 8)"]
[WhiteFideId "2302608"]
[BlackFideId "1704761"]
[WhiteElo "1767"]
[BlackElo "2165"]

1. e4 c5 2. Nf3 Nc6 3. d4 cxd4 4. Nxd4 e5 5. Nb5 d6 6. N1c3 a6 7. Na3 b5 8. Nd5 Nge7 9. Bg5 h6 10.
Bxe7 Bxe7 11. c3 Be6 12. Nc2 Bxd5 13. Qxd5 Qb6 14. a4 Rb8 15. axb5 axb5 16. Be2 O-O 17. O-O Nd8 18. Nb4 Kh8 19.
Ra6 Qb7 20. Rfa1 Ne6 21. Ra7 Qxd5 22. Nxd5 Bg5 23. R1a5 Nc5 24. f3 Na4 25. Rd7 Nxb2 26. Rxb5 Rxb5 27. Bxb5 Ra8 28. Rxd6 Ra1+ 29.
Kf2 Rh1 30. Ne3 Rc1 31. c4 Rc3 32. Nd1 Rc2+ 33. Kf1 Nxc4 34. Bxc4 Rxc4 35. Rd3 Rc1 36. Ke2 Rc2+ 37. Kf1 Bf4 38.
h3 Bg3 39. Ne3 Rf2+ 40. Kg1 Re2 41. Nf1 Re1 42. Rd7 Kg8 43. Rd8+ Kh7 44. Rd7 Kg6 45. Rd6+ f6 46. Rd7 h5 47.
Rb7 Kh6 48. Rf7 h4 49. Rb7 Ra1 50. Rd7 Bf4 51. Rd3 g6 52. Kf2 Ra2+ 53. Kg1 Re2 54. Rb3 Bg3 55. Rb1 Kg5 56. Rd1 f5 57.
exf5 gxf5 58. Rd3 Kf4 59. Rb3 Bf2+ 60. Kh2 Re1 61. Rb4+ e4 62. g3+ Bxg3+ 63. Nxg3 hxg3+ 64. Kg2 Re2+ 65.
Kf1 Rf2+ 0-1

[Event "Kvibergspelen 2022"]
[Site "Kviberg Park Hotel & Conference, Krutvagen 2, Gothenburg, Sweden"]
[Date "2022.10.02"]
[Round "8.15"]
[White "Cibo, Faris"]
[Black "Johannsson, Birkir Isak"]
[Result "1/2-1/2"]
[TimeControl "15 minutes + 5 seconds per move from move one (Round 1 - 4) / 90 minutes + 30 seconds per move from move one (Round 5 - 8)"]
[WhiteFideId "1764268"]
[BlackFideId "2314673"]
[WhiteElo "1750"]
[BlackElo "2165"]

1. d4 d5 2. c4 e6 3. Nf3 Nf6 4.
g3 dxc4 5. Bg2 Bb4+ 6. Bd2 a5 7. Qc2 c5 8. dxc5 Bxc5 9. Qxc4 b6 10. Ne5 Ra7 11. Qa4+ Nfd7 12. Nd3 O-O 13. Nxc5 Nxc5 14.
Qc2 Bb7 15. O-O Bxg2 16. Kxg2 Nc6 17. Be3 Nb4 18. Qc4 Qa8+ 19. Kg1 Rc8 20. Rc1 Nd5 21. Bd2 Rac7 22. Na3 h6 23. Nb5 Rd7 24.
b4 axb4 25. Bxb4 Rdd8 26. Bxc5 Rxc5 27. Qb3 Rdc8 28. Rxc5 Rxc5 29. Rd1 Qc6 30. Nd4 Qc7 31. e3 h5 32. Qa4 Qc8 33. Rf1 Ra5 34.
Qb3 h4 35. e4 Nf6 36. Qxb6 Rxa2 37. Nc6 Qd7 1/2-1/2

[Event "Kvibergspelen 2022"]
[Site "Kviberg Park Hotel & Conference, Krutvagen 2, Gothenburg, Sweden"]
[Date "2022.10.02"]
[Round "8.16"]
[White "Strom-Engdahl, Alexander"]
[Black "Fridgeirsson, Dagur Andri"]
[Result "1-0"]
[TimeControl "15 minutes + 5 seconds per move from move one (Round 1 - 4) / 90 minutes + 30 seconds per move from move one (Round 5 - 8)"]
[WhiteFideId "1741586"]
[BlackFideId "2303124"]
[WhiteElo "2114"]
[BlackElo "1943"]

1. d4 d5 2. Bf4 Nf6 3. e3 Bf5 4. Nd2 e6 5. Ngf3 Bd6 6. Bg3 Bxg3 7. hxg3 O-O 8. Bd3 Bxd3 9. cxd3 Nc6 10.
O-O a5 11. a3 Re8 12. Qc2 Ne7 13. b4 axb4 14. axb4 Qd6 15. Qc3 Qc6 16. Qb3 Qb5 17. Ne5 Ng6 18. Ndf3 Nxe5 19. Nxe5 Nd7 20.
Nxd7 Qxd7 21. Ra3 Qb5 22. Rfa1 Rxa3 23. Rxa3 h6 24. Qc3 b6 25. g4 Rc8 26. Qb3 Qc6 27. Qb2 Ra8 28. b5 Qe8 29.
Rc3 Ra5 30. Rxc7 Qxb5 31. Qc2 Ra1+ 32. Kh2 Rb1 33. Rc8+ Kh7 34. Qc7 f6 35. Qf7 Qxd3 36. Qg8+ Kg6 37. Rc7 Kg5 38. Rxg7+ Kh4 39.
g3# 1-0

[Event "Kvibergspelen 2022"]
[Site "Kviberg Park Hotel & Conference, Krutvagen 2, Gothenburg, Sweden"]
[Date "2022.10.02"]
[Round "8.17"]
[White "Borvander, Tom"]
[Black "Hagevi, Vidar"]
[Result "0-1"]
[TimeControl "15 minutes + 5 seconds per move from move one (Round 1 - 4) / 90 minutes + 30 seconds per move from move one (Round 5 - 8)"]
[WhiteFideId "1707388"]
[BlackFideId "1767526"]
[WhiteElo "2098"]
[BlackElo "1922"]

1. d4 Nf6 2. c4 e6 3. Nf3 d5 4. g3 Be7 5. Bg2 O-O 6. O-O dxc4 7. Qc2 b5 8. a4 Bb7 9. axb5 a6 10.
Nc3 c5 11. bxc6 Nxc6 12. Rd1 h6 13.
Qb1 Nb4 14. Ne5 Bxg2 15. Kxg2 Qb6 16. e4 Rac8 17. Be3 Qb7 18. Rd2 Rfd8 19. h3 Nd3 20. f3 Nxe5 21. dxe5 Rxd2+ 22. Bxd2 Nd7 23.
Qa2 Rc6 24. f4 Rb6 25. Bc1 Nc5 26. Qxc4 Rxb2+ 27. Kh1 Rb4 28. Qe2 Nxe4 29. Nxe4 Rxe4 30. Qg2 Re1+ 31. Kh2 Qb5 32. Ra2 Rxc1 0-1

[Event "Kvibergspelen 2022"]
[Site "Kviberg Park Hotel & Conference, Krutvagen 2, Gothenburg, Sweden"]
[Date "2022.10.02"]
[Round "8.18"]
[White "Dingertz, Erik"]
[Black "Nilsson, Oliver"]
[Result "1-0"]
[TimeControl "15 minutes + 5 seconds per move from move one (Round 1 - 4) / 90 minutes + 30 seconds per move from move one (Round 5 - 8)"]
[WhiteFideId "1741578"]
[BlackFideId "1730177"]
[WhiteElo "2001"]
[BlackElo "1909"]

1. c4 c5 2. g3 g6 3. Bg2 Bg7 4. Nc3 Nc6 5. a3 a5 6. e3 e5 7. Nge2 d6 8. b3 Nge7 9. Bb2 O-O 10.
Nb5 d5 11. cxd5 Nxd5 12. O-O Be6 13. Rc1 Qe7 14. Qc2 b6 15. d4 exd4 16. exd4 Rac8 17. dxc5 Bf5 18. Qd2 Bxb2 19. Qxb2 Bd3 20.
Rfe1 Bxb5 21. Bxd5 Rfe8 22. cxb6 Qg5 23. Nf4 Red8 24. b7 Rc7 25. a4 Nb4 26. Rxc7 Nxd5 27. Nxd5 1-0

[Event "Kvibergspelen 2022"]
[Site "Kviberg Park Hotel & Conference, Krutvagen 2, Gothenburg, Sweden"]
[Date "2022.10.02"]
[Round "8.19"]
[White "Bergstrom, Assar"]
[Black "Myrene, Jon Kare"]
[Result "0-1"]
[TimeControl "15 minutes + 5 seconds per move from move one (Round 1 - 4) / 90 minutes + 30 seconds per move from move one (Round 5 - 8)"]
[WhiteFideId "1767585"]
[BlackFideId "1510258"]
[WhiteElo "1636"]
[BlackElo "1990"]

1. e4 e5 2. Bc4 Nc6 3. Nc3 Nf6 4. d3 d6 5. f4 Be7 6. Nf3 Bg4 7. h3 Bxf3 8. Qxf3 Nd4 9. Qf2 O-O 10.
Be3 Nh5 11. O-O-O Bh4 12. Qd2 Nxf4 13. Bxf4 exf4 14. Kb1 Bg3 15. h4 c6 16. Rdf1 b5 17.
Bb3 a5 18. a4 Rb8 19. axb5 cxb5 20. Bd5 Rc8 21. Rc1 Bxh4 22. Qxf4 Bg5 23. Qh2 h6 24. Qg1 b4 25. Nd1 Ne2 26.
Bxf7+ Rxf7 0-1